 Dungeon Crawl Stone Soup version 0.27.0-1-g7a089689b8 (webtiles) character file.

Game seed: 18012046993893984583

11666 MisterFreud the Basher (level 11, -9/96 HPs)
             Began as a Gargoyle Fighter on July 31, 2021.
             Was a High Priest of Okawaru.
             Killed from afar by a molten gargoyle (16 damage)
             ... with a bolt of magma
             ... on level 11 of the Dungeon.
             The game lasted 00:18:04 (15102 turns).

MisterFreud the Basher (Gargoyle Fighter)          Turns: 15102, Time: 00:18:04

Health: -9/96      AC: 35    Str: 23    XL:     11   Next: 81%
Magic:  13/14      EV:  9    Int:  9    God:    Okawaru [*****.]
Gold:   680        SH: 14    Dex:  9    Spells: 10/10 levels left

rFire    . . .     SeeInvis .   d - +1 flail (protect)
rCold    . . .     Faith    .   c - +0 kite shield
rNeg     + + .     Spirit   .   f - +0 plate armour
rPois    ∞         Reflect  .   G - +0 helmet
rElec    +         Harm     .   r - +0 cloak
rCorr    +         Rampage  .   (no gloves)
Will     .....                  (no boots)
Stlth    ..........             (no amulet)
HPRegen  0.26/turn              g - ring of positive energy
MPRegen  0.14/turn              K - ring of resist corrosion

@: berserking, heroic, under a protective aura, very quick
A: sickness immunity, AC +8, negative energy resistance 1, electricity
resistance, torment resistance 1, petrification resistance
a: Renounce Religion, Heroism, Finesse


You were on level 11 of the Dungeon.
You worshipped Okawaru.
Okawaru was extremely pleased with you.
You visited 2 branches of the dungeon, and saw 12 of its levels.

You collected 680 gold pieces.

Inventory:

Hand Weapons
 a - a +0 flail
 d - a +1 flail of protection (weapon)
 D - a +0 morningstar
Missiles
 y - 3 throwing nets (quivered)
 B - 16 curare-tipped darts
 I - 18 boomerangs
 L - 29 poisoned darts
Armour
 b - a +0 scale mail
 c - a +0 kite shield (worn)
 f - a +0 plate armour (worn)
 r - a +0 cloak (worn)
 G - a +0 helmet (worn)
Jewellery
 g - a ring of positive energy (left hand)
 K - a ring of resist corrosion (right hand)
 N - a ring of fire
 O - a ring of see invisible
 Q - a +4 ring of protection
Wands
 q - a wand of flame (22)
 u - a wand of digging (3)
Scrolls
 e - 3 scrolls of blinking
 j - 2 scrolls of holy word
 k - 3 scrolls of amnesia {unknown}
 m - a scroll of fog
 n - 2 scrolls of acquirement {unknown}
 o - a scroll of fear {unknown}
 p - 2 scrolls of vulnerability {unknown}
 s - 2 scrolls of immolation {unknown}
 t - 3 scrolls of magic mapping {unknown}
 x - 2 scrolls of teleportation {unknown}
 F - 2 scrolls of enchant weapon {unknown}
 H - 2 scrolls of noise {unknown}
 P - a scroll of torment {unknown}
Potions
 h - 4 potions of curing
 i - a potion of brilliance
 l - 2 potions of invisibility
 v - 4 potions of ambrosia {unknown}
 w - 2 potions of haste
 z - 2 potions of resistance
 A - a potion of might
 C - a potion of berserk rage
 E - 2 potions of flight {unknown}
 J - a potion of degeneration {unknown}
 M - a potion of cancellation


   Skills:
 - Level 6.0(11.0) Fighting
 + Level 12.5(17.5) Maces & Flails
 - Level 10.0(15.0) Armour
 - Level 10.0(15.0) Shields
 - Level 4.0 Invocations


You had 10 spell levels left.
You didn't know any spells.
Your spell library contained the following spells:

 Spells                   Type           Power      Damage    Failure   Level
 Foxfire                  Conj/Fire      0%         2x1d4     98%         1
 Conjure Flame            Conj/Fire      0%         6-21      100%        3
 Inner Flame              Hex/Fire       0%         N/A       100%        3
 Portal Projectile        Hex/Tloc       0%         N/A       100%        3
 Petrify                  Tmut/Erth      0%         N/A       100%        4
 Summon Lightning Spire   Summ/Air       0%         N/A       100%        4
 Blade Hands              Tmut           0%         N/A       100%        5
 Excruciating Wounds      Necr           0%         N/A       100%        5
 Irradiate                Conj/Tmut      0%         3d13      100%        5
 Storm Form               Tmut/Air       0%         N/A       100%        7
 Maxwell's Capacitive Co  Air            0%         ∞         100%        8
 Sublimation of Blood     Necr           Unusable   N/A       N/A         2

Dungeon Overview and Level Annotations

Branches:
Dungeon (11/15)            Temple (1/1) D:6            Lair (0/6) D:9
    Orc (0/2) D:10

Altars:
Ashenzari
Cheibriados
Dithmenos
Elyvilon
Fedhas
Gozag
Hepliaklqana
Kikubaaqudgha
Makhleb
Nemelex Xobeh
Okawaru
Qazlal
Ru
Sif Muna
Trog
Uskayaw
Vehumet
Wu Jian
Xom
Yredelemnul
Zin
The Shining One

Shops:
D:5 [

Annotations:
D:4 2 transporters
D:8 2 transporters, foogus's ghost, novice TrTm
D:10 1 exclusion


Innate Abilities, Weirdness & Mutations

You are immune to sickness and miasma.
Your stone body is resilient. (AC +8)
You are immune to poison.
You resist negative energy. (rN+)
You are resistant to electric shocks. (rElec)
You are resistant to unholy torment.
You are immune to petrification.


Message History

You hit the molten gargoyle but do no damage.
The molten gargoyle is lightly damaged.
You are too injured to fight recklessly!
You barely miss the molten gargoyle.
The molten gargoyle is lightly damaged.
You block the lava snake's attack. The molten gargoyle barely misses you.
You hit the molten gargoyle.
The molten gargoyle is lightly damaged.
You block the lava snake's attack.
The molten gargoyle hits you but does no damage.
You hit the molten gargoyle.
The molten gargoyle is lightly damaged.
The lava snake barely misses you.
Unknown command.
You hit the molten gargoyle.
The molten gargoyle is moderately damaged.
The molten gargoyle blasts magma at you!
The bolt of magma hits you!
* * * LOW HITPOINT WARNING * * *
Unknown command.
Unknown command.
A red film seems to cover your vision as you go berserk!
You feel yourself moving faster!
You feel mighty!
The lava snake bites you but does no damage.
You block the molten gargoyle's attack.
You closely miss the lava snake.
The lava snake is almost dead.
You block the lava snake's attack.
The molten gargoyle hits you with a +0 mace!
* * * LOW HITPOINT WARNING * * *
You are engulfed in flames!
* * * LOW HITPOINT WARNING * * *
You closely miss the lava snake.
The lava snake is almost dead.
You sock the lava snake!
You kill the lava snake!
Okawaru accepts your kill.
The molten gargoyle blasts magma at you!
The bolt of magma hits you!
You die...

### #### ##≈≈#
§≈≈### ### ≈..≈≈≈
#≈≈≈####<# .§§..≈
#≈§≈§##.## .§≈§..#
#≈§≈≈≈.≈##
≈§§§...####≈....≈≈8#
#≈≈≈...##...≈≈≈.≈##
#≈≈≈9@...≈≈≈##.##
###≈≈≈.≈≈≈####<#
##§≈≈≈### ### ######


You could see a molten gargoyle.

Vanquished Creatures
  Gastronok (D:8)
  Harold (D:8)
  Joseph (D:8)
  Psyche (D:8)
  2 komodo dragons
  Maggie (D:8)
  A troll (D:9)
  5 slime creatures
  6 yaks (D:10)
  A wyvern (D:8)
  Grum (D:8)
  Edmund (D:5)
  Duvessa (D:6)
  An acid dragon (D:8)
  A water moccasin (D:5)
  6 orc warriors
  An ice beast (D:6)
  2 black bears
  3 centaurs
  An ogre (D:6)
  4 wolves (D:8)
  A phantom (D:6)
  A kobold brigand (D:8)
  4 bullfrogs
  4 scorpions
  Dowan (D:6)
  A water moccasin zombie (D:5)
  A water moccasin skeleton (D:5)
  20 wights
  4 killer bees (D:8)
  3 electric eels (D:10)
  4 howler monkeys
  2 centaur zombies
  2 bullfrog zombies (D:6)
  4 jellies
  3 lava snakes (D:11)
  6 hounds
  Crazy Yiuf (D:4)
  6 orc priests
  4 centaur skeletons
  A bullfrog skeleton (D:6)
  A gnoll shaman (D:4)
  5 iguanas
  9 orc wizards
  A killer bee zombie (D:5)
  A howler monkey zombie (D:6)
  4 gnolls (D:4)
  6 adders
  2 shadow imps (D:5)
  A white imp (D:6)
  An ufetubus (D:6)
  3 dart slugs
  24 orcs
  4 bats (D:2)
  11 endoplasms
  8 giant cockroaches
  5 goblins
  8 hobgoblins
  9 jackals
  4 quokkas
  2 ball pythons
  8 frilled lizards
  8 kobolds
  3 rats
243 creatures vanquished.

Notes
Turn   | Place    | Note
-------+----------+-------------------------------------------
     0 | D:1      | MisterFreud the Gargoyle Fighter began the quest for the
                  | Orb.
     0 | D:1      | Reached XP level 1. HP: 14/14 MP: 1/1
   334 | D:1      | Reached XP level 2. HP: 19/19 MP: 2/2
   782 | D:1      | Reached XP level 3. HP: 17/23 MP: 3/3
  2169 | D:2      | Reached skill level 3 in Maces & Flails
  2196 | D:2      | Reached XP level 4. HP: 16/28 MP: 4/4
  3759 | D:4      | Reached XP level 5. HP: 23/32 MP: 5/5
  3882 | D:4      | Found a transporter.
  3907 | D:4      | Found a transporter.
  4187 | D:3      | Reached skill level 5 in Shields
  4331 | D:3      | Reached skill level 4 in Maces & Flails
  4331 | D:3      | Reached XP level 6. HP: 19/37 MP: 6/6
  5055 | D:4      | Found a runed translucent door.
  5056 | D:4      | Noticed Crazy Yiuf
  5461 | D:4      | Killed Crazy Yiuf
  5613 | D:5      | Entered Level 5 of the Dungeon
  5736 | D:5      | Reached XP level 7. HP: 23/41 MP: 7/7
  6026 | D:5      | Found Luimm's Antique Armour Emporium.
  6033 | D:5      | Reached skill level 5 in Maces & Flails
  6324 | D:5      | Reached skill level 5 in Armour
  6667 | D:5      | Noticed Edmund
  6684 | D:5      | Killed Edmund
  6707 | D:5      | Reached skill level 6 in Maces & Flails
  6710 | D:5      | Reached XP level 8. HP: 40/46 MP: 8/8
  6983 | D:6      | Reached skill level 7 in Maces & Flails
  7351 | D:6      | Reached skill level 8 in Maces & Flails
  7603 | D:6      | Found a staircase to the Ecumenical Temple.
  7605 | D:6      | Noticed Dowan
  7605 | D:6      | Noticed Duvessa
  7613 | Temple   | Entered the Ecumenical Temple
  7806 | Temple   | Became a worshipper of Warmaster Okawaru
  7851 | D:6      | Killed Duvessa
  7852 | D:6      | Reached skill level 9 in Maces & Flails
  7879 | D:6      | Killed Dowan
  7880 | D:6      | Reached skill level 1 in Invocations
  7880 | D:6      | Reached XP level 9. HP: 52/52 MP: 8/10
  8140 | D:6      | Reached * piety under Okawaru
  8153 | D:6      | Reached skill level 5 in Fighting
  9123 | D:7      | Noticed a komodo dragon
  9474 | D:7      | Killed a komodo dragon
  9474 | D:7      | Reached ** piety under Okawaru
 10182 | D:7      | Reached XP level 10. HP: 54/60 MP: 13/13
 10974 | D:8      | Noticed Harold
 11007 | D:8      | Killed Harold
 11007 | D:8      | Reached *** piety under Okawaru
 11008 | D:8      | Reached skill level 10 in Maces & Flails
 11318 | D:8      | Noticed Maggie
 11341 | D:8      | Killed Maggie
 11457 | D:8      | Found a bloodstained altar of Trog.
 11457 | D:8      | Found a hide-covered altar of Uskayaw.
 11457 | D:8      | Found a shimmering blue altar of Sif Muna.
 11528 | D:8      | Noticed Gastronok
 11557 | D:8      | Killed Gastronok
 11557 | D:8      | Reached **** piety under Okawaru
 11558 | D:8      | Reached XP level 11. HP: 42/64 MP: 14/14
 11652 | D:8      | Noticed a cyclops
 11653 | D:8      | Found a transporter.
 11654 | D:8      | Noticed foogus's ghost (novice TrTm)
 11663 | D:8      | Found a transporter.
 11674 | D:8      | Noticed Psyche
 11687 | D:8      | Killed Psyche
 11760 | D:8      | Found an ornate altar of the Wu Jian Council.
 11829 | D:8      | Noticed Joseph
 11850 | D:8      | Killed Joseph
 11851 | D:8      | Reached skill level 11 in Maces & Flails
 12004 | D:8      | Found a sparkling altar of Nemelex Xobeh.
 12195 | D:8      | Noticed Grum
 12212 | D:8      | Killed Grum
 12238 | D:8      | Identified the +1 robe of Gozag's Righteous Fury {Slay+2
                  | Archmagi}
 12402 | D:9      | Reached ***** piety under Okawaru
 12576 | D:9      | Found a staircase to the Lair.
 13045 | D:9      | Found a hazy altar of Hepliaklqana.
 13131 | D:10     | Entered Level 10 of the Dungeon
 13328 | D:10     | Reached skill level 10 in Armour
 13572 | D:10     | Reached skill level 10 in Shields
 14118 | D:10     | Reached skill level 12 in Maces & Flails
 14898 | D:10     | Found a staircase to the Orcish Mines.
 15102 | D:11     | Killed from afar by a molten gargoyle

Illustrated notes

Levels and vault maps discovered:
D:1:      kennysheep_arrival_forest, layout_loops_cross,
          chequers_hall_statues_corner_a, minmay_tetromino_i4
D:2:      layout_basic, minmay_crystal_room, minmay_crystal_water,
          grunt_ministairs_9
D:3:      layout_rooms, serial_corexii_hall, corexii_hall_statues_deadend,
          corexii_hall_statues_s, corexii_hall_statues_x,
          corexii_hall_statues_u, minmay_fractal_squares_gapless_5
D:4:      gammafunk_steamed_eel, layout_basic, uniq_crazy_yiuf_cottage
D:5:      layout_loops_corners, serial_shops, shop, uniq_edmund
D:6:      minmay_chambers_of_threes, layout_basic, minmay_temple_entry_hall,
          uniq_duvessa
D:7:      layout_layer_cave
D:8:      layout_loops_ring, nemelex_diamond_rough_becter,
          gammafunk_temple_overflow_claw, nzn_wu_jian_council_hall,
          gammafunk_ghost_arena, uniq_harold, uniq_gastronok, uniq_maggie,
          uniq_psyche, uniq_grum, uniq_joseph
D:9:      layout_basic, mainiacjoe_overflow_alcove_4, dpeg_oklobed_lair
D:10:     layout_irregular_city, erik_orc_2, minmay_misc_feat_chi
D:11:     cheibrodos_magma_flow, layout_rooms, elyvilon_altar_4
Temple:   eino_temple_rhombus

Skill      XL: |  1  2  3  4  5  6  7  8  9 10 11 |
---------------+----------------------------------+-----
Shields        | 4 5 6 7 9 10 | 10.0
Maces & Flails | 3 4 6 9 10 12 | 12.5
Armour         | 4 5 6 7 9 10 | 10.0
Invocations    | 1 4 |  4.0
Fighting       | 6 |  6.0

Action                   |  1- 3 |  4- 6 |  7- 9 | 10-12 || total
-------------------------+-------+-------+-------+-------++-------
Melee: Flail             |   168 |   301 |   444 |   602 ||  1515
Invok: Heroism           |       |       |     1 |    19 ||    20
Evoke: Wand              |       |       |       |     1 ||     1
  Use: Scroll            |       |     5 |       |     3 ||     8
       Potion            |       |     3 |     1 |     2 ||     6
Armor: Scale mail        |    22 |       |       |       ||    22
       Plate armour      |    84 |   263 |   307 |   299 ||   953
Dodge: Dodged            |    39 |    55 |    78 |   110 ||   282
Block: Kite shield       |    82 |   213 |   232 |   314 ||   841
